 Dungeon Crawl Stone Soup version 0.24-a0-203-gf0bc1e9 (webtiles) character file.

Game seed: 1047478322272695003

37 Borgoz the Sneak (level 3, 0/20 HPs)
             Began as a Kobold Enchanter on Mar 26, 2019.
             Succumbed to an adder's poison
             ... on level 2 of the Dungeon.
             The game lasted 00:03:20 (2088 turns).

Borgoz the Sneak (Kobold Enchanter)                 Turns: 2088, Time: 00:03:22

Health: 0/20       AC:  4    Str: 10    XL:     3   Next: 62%
Magic:  6/6        EV: 15    Int: 16    God:
Gold:   88         SH:  0    Dex: 16    Spells: 3/6 levels left

rFire    . . .     SeeInvis .   a - +1 dagger
rCold    . . .     Gourm    .   (shield restricted)
rNeg     . . .     Faith    .   j - +0 leather armour
rPois    .         Spirit   .   (no helmet)
rElec    .         Reflect  .   (no cloak)
rCorr    .         Harm     .   (no gloves)
MR       .....                  b - +0 pair of boots
Stlth    +++.......             (no amulet)
HPRegen  0.06/turn              (no ring)
MPRegen  0.10/turn              (no ring)

@: mighty, lethally poisoned (0 -> -3), hasted, very quick
A: small, carnivore
a: no special abilities


You were on level 2 of the Dungeon.
You were very full.

You visited 1 branch of the dungeon, and saw 2 of its levels.

You collected 88 gold pieces.

Inventory:

Hand Weapons
 a - a +1 dagger (weapon)
Armour
 b - a +0 pair of boots (worn)
 j - a +0 leather armour (worn)
Scrolls
 c - 3 scrolls of identify {unknown}
 f - 3 scrolls of fear {unknown}
 h - a scroll of teleportation {unknown}
 k - a scroll of remove curse {unknown}
Potions
 e - a potion of cancellation
Comestibles
 d - 2 rations
 g - 2 chunks of flesh


   Skills:
 + Level 0.6 Fighting
 * Level 2.3 Short Blades
 + Level 0.6 Armour
 * Level 3.0 Dodging
 + Level 4.2 Stealth
 + Level 2.4 Spellcasting
 + Level 3.1 Hexes
 + Level 0.2 Ice Magic


You had 3 spell levels left.
You knew the following spells:

 Your Spells              Type           Power        Failure   Level  Hunger
a - Corona                Hex            ##.....      8%          1    #......
b - Ensorcelled Hibernat  Hex/Ice        #.....       21%         2    ###....

Your spell library contained the following spells:

 Spells                   Type           Power        Failure   Level  Hunger
 Confuse                  Hex            ##......     22%         3    ###....
 Tukima's Dance           Hex            ##......     22%         3    ###....
 Dazzling Spray           Conj/Hex       #.....       41%         3    ###....


Dungeon Overview and Level Annotations

Branches:
Dungeon (2/15)

Altars:
The Shining One


Innate Abilities, Weirdness & Mutations

You are small and have problems with some larger weapons.
You are carnivorous and can eat meat at any time.


Message History

Found a scroll labeled BARENA GAZIY.
You see here an adder corpse.
You butcher the adder corpse.
Things that are here:
2 chunks of flesh; an adder skeleton
g - 2 chunks of flesh
* * * LOW HITPOINT WARNING * * *
You feel sick.
* * * LOW HITPOINT WARNING * * *
You feel sick.
Found 13 gold pieces.
* * * LOW HITPOINT WARNING * * *
You feel sick.
Found a scroll labeled QUORIE DUFOX.
You see here 13 gold pieces.
* * * LOW HITPOINT WARNING * * *
You feel sick.
A frilled lizard comes into view.
You see here a scroll labeled QUORIE DUFOX.
You die...

.#.....# #. .......## ..
#####. .#......# ...
..... ##8รท...##
#.####### #.##. ##...##
##...#...## #.##. #.).#
##.........## #....
##..# #...........#
#.... #..#
#........l..########....
##..#
#......@...?.....$......
#...#
##.........#########....
##..## ##...#...## #....
##...## ######### #####
......# ....### ....#
^..## ..##


You could see a frilled lizard.

Vanquished Creatures
  An adder (D:2)
  An ooze (D:2)
  A dart slug (D:2)
  2 giant cockroaches
  3 hobgoblins
  2 jackals (D:1)
  2 kobolds (D:2)
  A quokka (D:2)
  3 bats (D:1)
  A frilled lizard (D:1)
  3 goblins (D:1)
  A rat (D:2)
21 creatures vanquished.

Notes
Turn   | Place    | Note
-------+----------+-------------------------------------------
     0 | D:1      | Borgoz the Kobold Enchanter began the quest for the Orb.
     0 | D:1      | Reached XP level 1. HP: 10/10 MP: 3/3
   297 | D:1      | Reached XP level 2. HP: 7/15 MP: 5/5
  1399 | D:1      | Learned a level 2 spell: Ensorcelled Hibernation
  1496 | D:2      | Found a glowing golden altar of the Shining One.
  1598 | D:2      | Reached XP level 3. HP: 6/20 MP: 6/6
  2082 | D:2      | HP: 1/20 [poisoned by an adder]
  2088 | D:2      | Succumbed to an adder's poison

Levels and vault maps discovered:
D:1:      dpeg_chamrin_arrival_tetris, layout_loops_corners
D:2:      layout_rooms, okawaru_gym_becter, nicolae_tso_carved_into_rock

Skill      XL: |  1  2  3 |
---------------+----------+-----
Short Blades   | 2 |  2.3
Dodging        | 3 |  3.0
Fighting       | |  0.6
Armour         | |  0.6
Stealth        | |  4.2
Spellcasting   | |  2.4
Hexes          | |  3.1
Ice Magic      | |  0.2

Action                   || total
-------------------------++-------
Melee: Dagger            ||   111
 Cast: Ensorcelled Hiber ||     1
  Use: Potion            ||     3
 Stab: Sleeping          ||     5
  Eat: Chunk             ||    11
Armor: Robe              ||     5
       Leather armour    ||    12
Dodge: Dodged            ||    78

Table legend:
 A = Non-vault XP
 B = Vault XP
 C = Vault XP percentage of total XP
 D = Non-vault monster count
 E = Vault monster count
 F = Vault count percentage of total count
                 A         B        C        D         E       F
            +---------+---------+-------+---------+---------+-------
      Total |      54 |       0 |   0.0 |      21 |       0 |   0.0
            +---------+---------+-------+---------+---------+-------
        D:1 |      19 |       0 |   0.0 |      12 |       0 |   0.0
        D:2 |      35 |       0 |   0.0 |       9 |       0 |   0.0
            +---------+---------+-------+---------+---------+-------
